 Dungeon Crawl Stone Soup version 0.20-a0-33-g996f6e0 (webtiles) character file.

8313 dvd the Basher (level 11, 0/107 HPs)
             Began as a Troll Fighter on Nov 9, 2016.
             Was an Initiate of Ashenzari.
             Killed from afar by Erica (8 damage)
             ... with an orb of energy
             ... on level 9 of the Dungeon.
             The game lasted 00:28:34 (9844 turns).

dvd the Basher (Troll Fighter)                      Turns: 9844, Time: 00:28:34

Health: 0/107      AC: 10    Str: 24    XL:     11   Next: 8%
Magic:  11/11      EV: 13    Int:  6    God:    Ashenzari [......]
Gold:   19         SH: 12    Dex: 12    Spells: 1 memorised, 9 levels left

rFire  + . .     SeeInvis .     a - +1 mace (protect)
rCold  + . .     Gourm    +     G - +2 robe of Agoraphobia {rN+ Int+2} (curse)
rNeg   + + .     Faith    .     c - +1 shield
rPois  .         Spirit   .     m - +1 hat
rElec  .         Reflect  .     p - +0 cloak
rCorr  .         Harm     .     (gloves unavailable)
MR     +++..     Clarity  +     (boots unavailable)
Stlth  ++........               b - amulet of the Four Winds {rN+ MR+++ Clar}
                                h - ring of protection from cold
                                v - ring of protection from fire

@: lethally poisoned (0 -> -4), about to teleport
A: unfitting armour, claws 3, rugged brown scales 1, fast metabolism 3,
gourmand, high mp 1, regeneration 1, shaggy fur 1, tough skin 2, weak 1
a: Curse Item, Renounce Religion


You were on level 9 of the Dungeon.
You worshipped Ashenzari.
Ashenzari was noncommittal.
You were very full.

You visited 2 branches of the dungeon, and saw 10 of its levels.

You collected 347 gold pieces.
You spent 328 gold pieces at shops.

Inventory:

Hand Weapons
 a - a +1 mace of protection (weapon)
 o - a +0 hand axe of freezing
 z - a +0 whip of freezing
Missiles
 u - 2 steel tomahawks (quivered)
 B - 2 tomahawks
Armour
 c - a +1 shield (worn)
 l - a +0 troll leather armour
 m - a +1 hat (worn)
 p - a +0 cloak (worn)
 s - the +1 robe of Exclusion {*Corrode rN+ Int+3 Dex+2}
   (You found it on level 7 of the Dungeon)

   It affects your intelligence (+3).
   It affects your dexterity (+2).
   It protects you from negative energy.
   It may corrode you when you take damage.
 G - the cursed +2 robe of Agoraphobia (worn) {rN+ Int+2}
   (You found it on level 5 of the Dungeon)

   It affects your intelligence (+2).
   It protects you from negative energy.
   It has a curse placed upon it.
Jewellery
 b - the amulet of the Four Winds (around neck) {rN+ MR+++ Clar}
   (You bought it in a shop on level 6 of the Dungeon)

   [amulet of nothing]

   It protects you from negative energy.
   It affects your resistance to hostile enchantments.
   It protects you against confusion.
 d - an uncursed amulet of magic regeneration
 g - a +3 ring of dexterity
 h - a ring of protection from cold (right claw)
 v - a ring of protection from fire (left claw)
 w - an uncursed ring of positive energy
Wands
 k - a wand of hasting (4/9)
Scrolls
 e - 2 scrolls of amnesia
 i - a scroll of teleportation
 x - a scroll of fog
 y - 2 scrolls of fear
Potions
 n - a potion of lignification
 q - 2 potions of flight
 K - a potion of agility
Books
 E - a book of Conjurations

   Spells                             Type                      Level
   a - Magic Dart                     Conjuration                  1
   b - Searing Ray                    Conjuration                  2
   c - Dazzling Spray                 Conjuration/Hexes            3
   d - Fulminant Prism                Conjuration/Hexes            4
   e - Iskenderun's Mystic Blast      Conjuration                  4
   f - Iskenderun's Battlesphere      Conjuration/Charms           5
 P - a book of the Sky

   Spells                             Type                      Level
   a - Summon Lightning Spire         Summoning/Air                4
   b - Airstrike                      Air                          4
   c - Silence                        Hexes/Air                    5
   d - Deflect Missiles               Charms/Air                   6
   e - Conjure Ball Lightning         Conjuration/Air              6
   f - Tornado                        Air                          9
Comestibles
 f - 7 bread rations
 j - 4 meat rations
 r - 5 fruits
 J - a beef jerky


   Skills:
 + Level 5.2 Fighting
 + Level 9.9 Maces & Flails
 + Level 2.0 Throwing
 + Level 6.9 Dodging
 + Level 1.4 Stealth
 + Level 8.0 Shields


You had 9 spell levels left.
You knew the following spells:

 Your Spells              Type           Power        Failure   Level  Hunger
a - Magic Dart            Conj           #...         65%         1    ##.....


Dungeon Overview and Level Annotations

Branches:
Dungeon (9/15)             Temple (1/1) D:7
   Lair: D:8-11         Orc: D:9-12

Altars:
Ashenzari
Cheibriados
Dithmenos
Elyvilon
Fedhas
Gozag
Hepliaklqana
Kikubaaqudgha
Makhleb
Nemelex Xobeh
Okawaru
Qazlal
Ru
Sif Muna
Trog
Uskayaw
Vehumet
Xom
Yredelemnul
Zin
The Shining One

Shops:
D:6 =

Annotations:
D:8 Maurice
D:9 Erica


Innate Abilities, Weirdness & Mutations

You are too large for most types of armour.
You have claws for hands.
Your metabolism is lightning-fast.
You like to eat raw meat.
Your natural rate of healing is unusually fast.
You are covered in fur. (AC +1)
You have very tough skin. (AC +2)
You are partially covered in rugged brown scales. (AC +1, +3% HP)
You have an increased reservoir of magic. (+10% MP)
You are weak. (Str -2)


Message History

Unknown command.
You feel very sick.
You feel sick.
You feel very sick.
You feel sick.
You feel sick.
You feel sick.
You hear some strange, mumbled words.
Something tries to affect you, but you resist.
You feel sick.
Unknown command.
You feel sick.
As you read the scroll of teleportation, it crumbles to dust.
You feel strangely unstable.
You feel sick.
You feel sick.
You feel sick.
You hear some strange, mumbled words.
An orb of energy appears from out of thin air!
The orb of energy hits you!
You die...

#.##...####........>###.......
#.##...# #.......## #.#.####
#.#..#.# ##.....## #......#
#.#.##.# ##...## ###.##.#
#.#.##.# ##'## #..... #.#.##.#
#)# ####.# #......########.#
#.# ###.##.....{..#.##
#######.# #.##.######@...##
#.......# #(##.# #.....#
#.####### #(##.# #....## ##.##
#.##.# #.#.## #...#
#.......###.########.##
####.##..............#
#........########## #########


There were no monsters in sight!

Vanquished Creatures
  The ghost of KarmaPolice the Quickloader, a novice HaHu of Okawaru (D:7)
  Pikel (D:7)
  A troll (D:8)
  Prince Ribbit (D:8)
  Grinder (D:4)
  15 yaks
  Sigmund (D:3)
  A wyvern (D:8)
  Grum (D:8)
  A steam dragon (D:9)
  The ghost of sveltemanboy the Poker, an amateur DsGl of Makhleb (D:3)
  Menkaure (D:4)
  A water moccasin (D:6)
  Duvessa (D:5)
  2 ice beasts (D:5)
  3 sky beasts
  An orc warrior (D:8)
  2 phantoms
  2 ogres
  4 wolves
  3 centaurs
  Blork the orc (D:5)
  A big kobold (D:7)
  A bullfrog (D:7)
  Dowan (D:5)
  5 killer bees (D:6)
  7 wights
  A howler monkey (D:7)
  4 crimson imps
  A bullfrog zombie (D:5)
  Crazy Yiuf (D:3)
  An iron imp (D:5)
  9 hounds
  3 jellies
  4 orc priests
  A bullfrog skeleton (D:4)
  2 iguanas
  5 orc wizards
  A worker ant (D:7)
  A killer bee zombie (D:6)
  2 hound zombies
  A worker ant zombie (D:5)
  3 gnolls (D:7)
  9 adders
  2 shadow imps
  2 adder zombies
  2 worms (D:3)
  4 dart slugs
  5 leopard geckos
  23 orcs
  2 ball pythons (D:3)
  6 giant cockroaches
  12 goblins
  6 hobgoblins
  A jackal (D:6)
  12 kobolds
  3 quokkas
  8 bats
  5 frilled lizards
  6 rats
  2 bushes (D:6)
211 creatures vanquished.

Notes
Turn   | Place    | Note
-------+----------+-------------------------------------------
     0 | D:1      | dvd the Troll Fighter began the quest for the Orb.
     0 | D:1      | Reached XP level 1. HP: 22/22 MP: 0/0
   181 | D:1      | Reached XP level 2. HP: 28/29 MP: 1/1
   525 | D:1      | Reached skill level 2 in Maces & Flails
   569 | D:1      | Found a sparkling altar of Nemelex Xobeh.
   578 | D:1      | Reached XP level 3. HP: 31/36 MP: 2/2
  1895 | D:3      | Reached XP level 4. HP: 29/44 MP: 3/3
  2002 | D:3      | Found a runed door.
  2006 | D:3      | Noticed Crazy Yiuf
  2012 | D:3      | Killed Crazy Yiuf
  2043 | D:3      | Reached skill level 3 in Maces & Flails
  2102 | D:3      | Reached XP level 5. HP: 50/50 MP: 4/4
  2472 | D:3      | Noticed sveltemanboy's ghost (amateur DsGl)
  2493 | D:3      | Killed sveltemanboy's ghost
  2493 | D:3      | Reached XP level 6. HP: 45/61 MP: 5/5
  2563 | D:3      | Noticed Sigmund
  2579 | D:3      | Killed Sigmund
  2579 | D:3      | Reached skill level 4 in Maces & Flails
  2854 | D:4      | Reached XP level 7. HP: 54/67 MP: 6/6
  3248 | D:4      | Noticed Menkaure
  3259 | D:4      | Killed Menkaure
  3259 | D:4      | Reached skill level 5 in Maces & Flails
  3357 | D:4      | Noticed Grinder
  3363 | D:4      | Paralysed by Grinder for 5 turns
  3370 | D:4      | Killed Grinder
  3484 | D:4      | Reached XP level 8. HP: 72/75 MP: 7/7
  3492 | D:4      | Reached skill level 5 in Shields
  3782 | D:5      | Entered Level 5 of the Dungeon
  3849 | D:5      | Got an ichor-stained robe
  3870 | D:5      | Identified the +2 robe of Agoraphobia {rN+ Int+2} (You found it on level 5 of the Dungeon)
  4053 | D:5      | Noticed Dowan
  4055 | D:5      | Noticed Duvessa
  4082 | D:5      | Found a burning altar of Makhleb.
  4162 | D:5      | Noticed Blork the orc
  4171 | D:5      | Killed Blork the orc
  4255 | D:5      | Killed Dowan
  4263 | D:5      | Killed Duvessa
  4263 | D:5      | Reached skill level 6 in Maces & Flails
  4294 | D:5      | Found a snail-covered altar of Cheibriados.
  4472 | D:5      | Found a shimmering altar of Xom.
  4707 | D:5      | Reached skill level 5 in Dodging
  4843 | D:5      | Reached XP level 9. HP: 63/84 MP: 5/8
  4933 | D:6      | Reached skill level 7 in Maces & Flails
  5310 | D:6      | Found a blossoming altar of Fedhas.
  5776 | D:6      | Gained mutation: You have an increased reservoir of magic. (+10% MP) [potion of mutation]
  5776 | D:6      | Gained mutation: You are partially covered in rugged brown scales. (AC +1, +3% HP) [potion of mutation]
  5776 | D:6      | Gained mutation: You are weak. (Str -2) [potion of mutation]
  5875 | D:6      | Reached skill level 1 in Stealth
  6168 | D:6      | Found Titam's Jewellery Emporium.
  6172 | D:6      | Bought the amulet of the Four Winds {rN+ MR+++ Clar} for 328 gold pieces
  6351 | D:7      | Found a shimmering altar of Xom.
  6358 | D:7      | Got a dull robe
  6369 | D:7      | Identified the cursed +1 robe of Exclusion {*Corrode rN+ Int+3 Dex+2} (You found it on level 7 of the Dungeon)
  6471 | D:7      | Noticed KarmaPolice's ghost (novice HaHu)
  6499 | D:7      | Killed KarmaPolice's ghost
  6499 | D:7      | Reached skill level 8 in Maces & Flails
  6712 | D:7      | Found a staircase to the Ecumenical Temple.
  6721 | Temple   | Entered the Ecumenical Temple
  6942 | Temple   | Became a worshipper of Ashenzari the Shackled
  7086 | D:7      | Reached XP level 10. HP: 96/96 MP: 10/10
  7172 | D:7      | Noticed Pikel
  7205 | D:7      | Killed Pikel
  7205 | D:7      | Reached skill level 9 in Maces & Flails
  7503 | D:7      | Learned a level 1 spell: Magic Dart
  7603 | D:8      | Noticed Grum
  7702 | D:8      | Killed Grum
  7884 | D:8      | Found an iron altar of Okawaru.
  7898 | D:8      | Noticed Prince Ribbit
  7911 | D:8      | Noticed Maurice
  7911 | D:8      | Killed Prince Ribbit
  7911 | D:8      | Reached skill level 1 in Throwing
  8498 | D:8      | Found a hazy altar of Hepliaklqana.
  9168 | D:8      | Reached skill level 5 in Fighting
  9603 | D:9      | Reached XP level 11. HP: 30/105 MP: 11/11
  9818 | D:9      | Noticed Erica
  9844 | D:9      | Killed from afar by Erica

Vault maps used:
D:1:      lemuel_arrival_funnel, nemelex_xobeh_ov_fountains_minmay
D:3:      kennysheep_generic_room_15, uniq_sigmund, uniq_crazy_yiuf_cottage
D:4:      grunt_ministairs_2, hangedman_feature_mirror, uniq_menkaure,
          uniq_grinder
D:5:      slow_altar_1, makhleb_heckhound_becter, first_bread, tgw_xom,
          uniq_blork_the_orc, uniq_duvessa
D:6:      fedhas_bush_and_centaur_altar, serial_shops, nicolae_shop_trees
D:7:      lemuel_crystal_altar, uniq_pikel
D:8:      old_standard_altar, kennysheep_mini, uniq_prince_ribbit1, uniq_grum,
          uniq_maurice
D:9:      the_bakery, nicolae_island_escapes, uniq_erica
Temple:   dpeg_chambers_temple

Skill      XL: |  1  2  3  4  5  6  7  8  9 10 11 |
---------------+----------------------------------+-----
Maces & Flails | 2 3 4 5 6 8 9 |  9.9
Dodging        | 3 4 5 6 |  6.9
Shields        | 3 4 5 6 7 8 |  8.0
Fighting       | 3 4 5 |  5.2
Stealth        | 1 |  1.4
Throwing       | 2 |  2.0

Action                   |  1- 3 |  4- 6 |  7- 9 | 10-12 || total
-------------------------+-------+-------+-------+-------++-------
Melee: Flail             |   149 |     4 |       |       ||   153
       Mace              |       |   111 |   761 |   539 ||  1411
Throw: Tomahawk          |       |       |    15 |    27 ||    42
Invok: Curse Item        |       |       |       |     1 ||     1
  Use: Scroll            |       |     9 |     6 |     4 ||    19
       Potion            |       |     1 |    10 |       ||    11
 Stab: Sleeping          |     1 |     1 |     2 |     1 ||     5
       Distracted        |       |       |     1 |       ||     1
  Eat: Chunk             |    21 |    12 |    38 |    27 ||    98
Armor: Robe              |    43 |    35 |   209 |   156 ||   443
Dodge: Dodged            |    78 |    38 |   203 |   175 ||   494
Block: Shield            |    75 |    69 |   367 |   277 ||   788
